 Dungeon Crawl Stone Soup version 0.24-a0-525-g9231cdcba1 (webtiles) character file.

Game seed: 13830830935226093294

629 Gynju the Gusty (level 7, 0/37 HPs)
             Began as a Tengu Air Elementalist on Aug 1, 2019.
             Was an Initiate of Vehumet.
             Slain by an orc (4 damage)
             ... on level 7 of the Dungeon.
             The game lasted 00:07:49 (6091 turns).

Gynju the Gusty (Tengu Air Elementalist)            Turns: 6091, Time: 00:07:50

Health: 0/37       AC:  2    Str:  9    XL:     7   Next: 48%
Magic:  3/14       EV: 13    Int: 17    God:    Vehumet [......]
Gold:   248        SH:  0    Dex: 14    Spells: 13/14 levels left

rFire    . . .     SeeInvis .   v - staff of air
rCold    . . .     Gourm    .   (no shield)
rNeg     . . .     Faith    .   a - +0 robe
rPois    .         Spirit   .   (helmet restricted)
rElec    +         Reflect  .   (no cloak)
rCorr    .         Harm     .   (no gloves)
MR       .....                  (boots unavailable)
Stlth    ++........             (no amulet)
HPRegen  0.12/turn              (no ring)
MPRegen  0.14/turn              (no ring)

@: no status effects
A: beak, talons 3, able to fly
a: Fly, Renounce Religion


You were on level 7 of the Dungeon.
You worshipped Vehumet.
Vehumet was noncommittal.
You were not hungry.

You visited 2 branches of the dungeon, and saw 8 of its levels.

You collected 248 gold pieces.

Inventory:

Hand Weapons
 q - a +0 long sword
 w - a +2 dagger of speed
Missiles
 f - 2 javelins (quivered)
 y - 13 poisoned darts
 z - 8 atropa-tipped darts
Armour
 a - a +0 robe (worn)
Magical Staves
 v - an uncursed staff of air (weapon)
Jewellery
 r - an uncursed amulet of magic regeneration {unknown}
 s - an uncursed ring of wizardry {unknown}
 B - the ring of Pimiurig {+Blink rN+ MR+, unknown}
   (You found it on level 6 of the Dungeon)

   [ring of protection from magic]

   It protects you from negative energy.
   It affects your resistance to hostile enchantments.
   It lets you blink.
Wands
 A - a wand of random effects (16)
Scrolls
 e - a scroll of enchant armour {unknown}
 k - 3 scrolls of teleportation {unknown}
 m - 3 scrolls of identify {unknown}
 o - 3 scrolls of amnesia {unknown}
 p - 2 scrolls of remove curse {unknown}
 t - 2 scrolls of enchant weapon {unknown}
 x - 2 scrolls of magic mapping {unknown}
 C - a scroll of fog {unknown}
Potions
 b - 2 potions of magic {unknown}
 d - a potion of ambrosia {unknown}
 g - 4 potions of resistance {unknown}
 h - 2 potions of mutation {unknown}
 i - 5 potions of flight {unknown}
 j - a potion of agility {unknown}
 l - a potion of lignification {unknown}
 n - 3 potions of degeneration {unknown}
 u - 2 potions of curing {unknown}
 D - a potion of heal wounds {unknown}
Comestibles
 c - 12 rations
 E - a chunk of flesh


   Skills:
 + Level 0.9 Fighting
 + Level 2.5 Dodging
 - Level 2.0 Stealth
 * Level 4.4 Spellcasting
 * Level 5.9 Conjurations
 * Level 7.0 Air Magic


You had 13 spell levels left.
You knew the following spells:

 Your Spells              Type           Power        Failure   Level  Hunger
a - Shock                 Conj/Air       ####         1%          1    None

Your spell library contained the following spells:

 Spells                   Type           Power        Failure   Level  Hunger
 Static Discharge         Conj/Air       #####...     3%          3    ###....
 Swiftness                Chrm/Air       ###.....     5%          2    ##.....
 Airstrike                Air            #####.....   9%          4    ####...
 Confusing Touch          Hex            #.....       16%         1    None
 Lightning Bolt           Conj/Air       #####.....   28%         5    ######.
 Confuse                  Hex            #.......     41%         3    ###....
 Gell's Gravitas          Tloc           #.........   41%         3    ###....
 Petrify                  Tmut/Erth      #.......     83%         4    ####...
 Metabolic Englaciation   Hex/Ice        #.........   99%         5    ######.
 Yara's Violent Unravell  Hex/Tmut       #.........   99%         5    ######.


Dungeon Overview and Level Annotations

Branches:
Dungeon (7/15)             Temple (1/1) D:5

Altars:
Cheibriados
Fedhas
Gozag
Kikubaaqudgha
Makhleb
Nemelex Xobeh
Okawaru
Qazlal
Sif Muna
Trog
Uskayaw
Vehumet
Wu Jian
Yredelemnul
Zin
The Shining One

Shops:
D:5 *

Annotations:
D:4 3 runed translucent doors, hemabe's ghost, amateur HuAr


Innate Abilities, Weirdness & Mutations

You have a beak for a mouth.
You have claws for feet.
You can fly continuously.


Message History

Casting: Shock (safe; 1% risk of failure)
Confirm with . or Enter, or press ? or * to list all spells.
Aiming: Shock (safe; 1% risk of failure)
Press: ? - help, Shift-Dir - straight line, f/p - orc wizard
Aim: an orc wizard, wielding a +0 dagger and wearing a +0 robe (moderately wounded)
You feel a surge of power!
The zap hits the orc wizard but does no damage.
The orc wizard is moderately wounded.
The orc priest calls upon Beogh to heal the orc wizard.
The orc wizard's wounds heal themselves!
The orc closely misses you. The orc wizard misses you.
Casting: Shock (safe; 1% risk of failure)
Confirm with . or Enter, or press ? or * to list all spells.
Aiming: Shock (safe; 1% risk of failure)
Press: ? - help, Shift-Dir - straight line, f/p - orc wizard
Aim: an orc wizard, wielding a +0 dagger and wearing a +0 robe You feel a surge of power!
The zap hits the orc wizard.
The orc wizard is moderately wounded.
The orc hits you.
You die...

..........?....
#..............
#..............
#..............
#..............
#.......W.....
##....)o)......
....%..@.......
......o........
...........####
...o....####
##.o##### ...#
... ..


You could see a phantom, an orc priest, an orc wizard and 2 orcs.

Vanquished Creatures
  A phantom (D:6)
  2 ogres
  A hound (D:6)
  2 orc wizards
  A jelly (D:6)
  Jessica (D:3)
  An iguana (D:6)
  3 gnolls (D:5)
  5 adders
  3 oozes
  An adder skeleton (D:5)
  4 dart slugs (D:1)
  3 leopard geckos
  6 orcs
  11 giant cockroaches
  4 goblins
  2 hobgoblins
  9 jackals
  9 kobolds
  7 quokkas
  A ball python (D:1)
  6 bats
  6 frilled lizards
  10 rats
  A bush (D:1)
100 creatures vanquished.

Notes
Turn   | Place    | Note
-------+----------+-------------------------------------------
     0 | D:1      | Gynju the Tengu Air Elementalist began the quest for the
                  | Orb.
     0 | D:1      | Reached XP level 1. HP: 10/10 MP: 4/4
   182 | D:1      | Reached XP level 2. HP: 15/15 MP: 0/6
   741 | D:1      | Reached XP level 3. HP: 19/19 MP: 4/7
  2011 | D:2      | Reached XP level 4. HP: 24/24 MP: 1/9
  2282 | D:2      | Reached skill level 5 in Air Magic
  3136 | D:3      | Noticed Jessica
  3138 | D:3      | Killed Jessica
  3174 | D:3      | Gained mutation: You can fly continuously. [Tengu growth]
  3174 | D:3      | Reached XP level 5. HP: 28/28 MP: 6/10
  3643 | D:3      | Found a glowing silver altar of Zin.
  4018 | D:4      | Noticed an ogre
  4022 | D:4      | Killed an ogre
  4022 | D:4      | Reached skill level 6 in Air Magic
  4022 | D:4      | Reached XP level 6. HP: 32/32 MP: 7/12
  4268 | D:4      | Found a runed translucent gate.
  4268 | D:4      | Found a runed translucent gate.
  4268 | D:4      | Found a runed translucent gate.
  4851 | D:4      | Noticed hemabe's ghost (amateur HuAr)
  4868 | D:5      | Entered Level 5 of the Dungeon
  4870 | D:5      | Found a staircase to the Ecumenical Temple.
  4894 | Temple   | Entered the Ecumenical Temple
  4902 | Temple   | Became a worshipper of Vehumet
  5045 | D:5      | Found Resaethro's General Store.
  5428 | D:6      | Reached skill level 5 in Conjurations
  5474 | D:6      | Reached XP level 7. HP: 36/36 MP: 9/14
  5509 | D:6      | Found an iron altar of Okawaru.
  5653 | D:6      | Found an iron altar of Okawaru.
  5659 | D:6      | Got an ancient granite ring
  5910 | D:6      | Found a burning altar of Makhleb.
  6084 | D:7      | Reached skill level 7 in Air Magic
  6091 | D:7      | Slain by an orc

Levels and vault maps discovered:
D:1:      dpeg_arrival_prison, layout_basic, serial_glass, glass_columns_b,
          glass_columns_a, glass_columns_c, glass_columns_a, glass_columns_b,
          glass_columns_a, minmay_hedge_maze, hangedman_feature_mirror,
          minmay_misc_feat_hallway, minmay_pentomino_u2
D:2:      layout_loops_ring, grunt_ministairs_5
D:3:      layout_loops_cross, overflow_temple_1_default, uniq_jessica
D:4:      layout_basic, gammafunk_ghost_icy, first_ration
D:5:      layout_rooms, minmay_temple_entry_arrows, serial_shops,
          kennysheep_little_box
D:6:      layout_rooms, kennysheep_mini_moat, old_standard_altar,
          grunt_decor_cap, okawaru_metal_pillars_1_2
D:7:      layout_cave_pods, minitemple, enter_ossuary_2, uniq_harold,
          uniq_menkaure
Temple:   nicolae_temple_x_marks_the_god

Skill      XL: |  1  2  3  4  5  6  7 |
---------------+----------------------+-----
Conjurations   | 2 3 4 5 |  5.9
Air Magic      | 5 6 7 |  7.0
Spellcasting   | 3 4 |  4.4
Fighting       | |  0.9
Dodging        | |  2.5
Stealth        | |  2.0

Action                   |  1- 3 |  4- 6 |  7- 9 || total
-------------------------+-------+-------+-------++-------
Melee: Unarmed           |     3 |       |       ||     3
       Kick              |    71 |       |     1 ||    72
       Short sword       |   170 |       |       ||   170
       Peck              |    49 |       |       ||    49
       Staff             |       |       |     1 ||     1
 Cast: Shock             |    85 |   121 |    34 ||   240
  Eat: Chunk             |     4 |    11 |     2 ||    17
Armor: Robe              |     1 |     3 |       ||     4
Dodge: Dodged            |    13 |     9 |     9 ||    31

Table legend:
 A = Non-vault XP
 B = Vault XP
 C = Vault XP percentage of total XP
 D = Non-vault monster count
 E = Vault monster count
 F = Vault count percentage of total count
                 A         B        C        D         E       F
            +---------+---------+-------+---------+---------+-------
      Total |     848 |      51 |   5.7 |      88 |      11 |  11.1
            +---------+---------+-------+---------+---------+-------
        D:1 |      61 |      12 |  16.4 |      26 |       8 |  23.5
        D:2 |      44 |       2 |   4.3 |      16 |       2 |  11.1
        D:3 |     118 |      37 |  23.9 |      22 |       1 |   4.3
        D:4 |     125 |       0 |   0.0 |       4 |       0 |   0.0
        D:5 |      60 |       0 |   0.0 |      10 |       0 |   0.0
        D:6 |     394 |       0 |   0.0 |       7 |       0 |   0.0
        D:7 |      46 |       0 |   0.0 |       3 |       0 |   0.0
            +---------+---------+-------+---------+---------+-------
